 Dungeon Sprint DCSS version 0.21-a0-55-gb612c23 (webtiles) character file.

758 Kidiri the Grappler (level 7, -2/74 HPs)
             Began as a Troll Monk on June 14, 2017.
             Was an Elder of Uskayaw.
             Slain by a centaur warrior (7 damage)
             ... in the Dungeon (Sprint IX: "|||||||||||||||||||||||||||||").
             The game lasted 00:02:18 (231 turns).

Kidiri the Grappler (Troll Monk)                     Turns: 231, Time: 00:02:19

Health: -2/74      AC:  6    Str: 20    XL:     7   Next: 50%
Magic:  5/8        EV: 17    Int:  6    God:    Uskayaw [****..]
Gold:   0          SH:  0    Dex: 17    Spells: 6/6 levels left

rFire    . . .     SeeInvis .     - Unarmed
rCold    . . .     Gourm    +   (no shield)
rNeg     . . .     Faith    .   a - +0 robe
rPois    .         Spirit   .   (helmet restricted)
rElec    .         Reflect  .   n - +0 cloak
rCorr    .         Harm     .   (gloves unavailable)
MR       .....     NoTele   +   (boots unavailable)
Stlth    ++........             (no amulet)
HPRegen  0.62/turn              o - +2 ring of evasion
MPRegen  0.11/turn              p - +3 ring of dexterity

@: no status effects
A: unfitting armour, claws 3, fast metabolism 3, gourmand, regeneration 1,
shaggy fur 1, tough skin 2
a: Stomp, Line Pass, Renounce Religion


You were in the Dungeon.
You worshipped Uskayaw.
Uskayaw was noncommittal.
You were very full.

You visited 1 branch

Inventory:

Armour
 a - a +0 robe (worn)
 n - a +0 cloak (worn)
Jewellery
 o - a +2 ring of evasion (left claw)
 p - a +3 ring of dexterity (right claw)
Wands
 m - a wand of acid (7/15)
Scrolls
 h - 2 scrolls of blinking
 k - 3 scrolls of remove curse
 l - 2 scrolls of amnesia
Potions
 c - 5 potions of curing
 d - 3 potions of heal wounds
 e - a potion of haste
 f - 4 potions of magic
 g - a potion of berserk rage
 j - a potion of invisibility
Comestibles
 b - 2 bread rations
 i - 2 chunks of flesh


   Skills:
 + Level 5.6 Fighting
 + Level 5.0 Armour
 * Level 8.0 Dodging
 - Level 1.0 Stealth
 * Level 9.3 Unarmed Combat
 + Level 3.9 Invocations
 + Level 3.2 Evocations


You had 6 spell levels left.
You didn't know any spells.

Dungeon Overview and Level Annotations

Branches:
Dungeon (1/1)

Altars:
Cheibriados
Dithmenos
Elyvilon
Fedhas
Gozag
Hepliaklqana
Kikubaaqudgha
Makhleb
Nemelex Xobeh
Okawaru
Qazlal
Ru
Sif Muna
Trog
Uskayaw
Vehumet
Wu Jian
Xom
Yredelemnul
Zin
The Shining One
Beogh
Jiyva
Lugonu


Innate Abilities, Weirdness & Mutations

You are too large for most types of armour.
You have claws for hands.
Your metabolism is lightning-fast.
You like to eat raw meat.
Your natural rate of healing is unusually fast.
You are covered in fur. (AC +1)
You have very tough skin. (AC +2)


Message History

You mangle the centaur warrior!!
The centaur warrior is heavily wounded.
The centaur warrior closely misses you.
Uskayaw will force your foes to share their pain.
Uskayaw links your audience in an emotional bond!
You completely miss the centaur warrior.
The centaur warrior is heavily wounded.
The centaur warrior hits you!
* * * LOW HITPOINT WARNING * * *
You claw the centaur warrior!
The centaur warrior is severely wounded.
The centaur warrior hits you!
* * * LOW HITPOINT WARNING * * *
You barely miss the centaur warrior.
The centaur warrior is severely wounded.
The centaur warrior misses you. The centaur warrior barely misses you.
You scratch the centaur warrior but do no damage.
The centaur warrior is severely wounded.
The centaur warrior hits you!
You die...

▓.▓
▓.▓
▓.▓
▓.▓
▓'▓
▓.▓
▓T▓
▓c▓
▓@▓
▓(▓
▓(▓
▓+▓


You could see a centaur warrior and a troll.

Vanquished Creatures
  A hungry ghost (D)
  A vampire mosquito (D)
  An ogre (D)
  3 big kobolds (D)
  A bullfrog (D)
  2 scorpions (D)
  A crimson imp (D)
  2 adders (D)
  An adder skeleton (D)
  A bat (D)
  A giant cockroach (D)
  A goblin (D)
  2 hobgoblins (D)
  A frilled lizard (D)
19 creatures vanquished.

Vanquished Creatures (others)
  A shadow (D)
1 creature vanquished.

Grand Total: 20 creatures vanquished

Notes
Turn   | Place    | Note
-------+----------+-------------------------------------------
     0 | D        | Kidiri the Troll Monk began the quest for the Orb.
     0 | D        | Reached XP level 1. HP: 22/22 MP: 0/0
    43 | D        | Noticed a scorpion
    50 | D        | Reached skill level 1 in Armour
    50 | D        | Reached skill level 4 in Unarmed Combat
    50 | D        | Reached XP level 2. HP: 29/29 MP: 1/1
    56 | D        | Killed a scorpion
    56 | D        | Reached skill level 5 in Unarmed Combat
    56 | D        | Reached XP level 3. HP: 17/37 MP: 2/2
    60 | D        | Reached XP level 4. HP: 20/45 MP: 3/3
    75 | D        | Found a roughly hewn altar of Beogh.
    75 | D        | Found a snail-covered altar of Cheibriados.
    75 | D        | Found a shadowy altar of Dithmenos.
    75 | D        | Found a white marble altar of Elyvilon.
    75 | D        | Found a blossoming altar of Fedhas.
    75 | D        | Found an opulent altar of Gozag.
    76 | D        | Found a hazy altar of Hepliaklqana.
    77 | D        | Found a viscous altar of Jiyva.
    78 | D        | Found an ancient bone altar of Kikubaaqudgha.
    79 | D        | Found a corrupted altar of Lugonu.
    80 | D        | Found a burning altar of Makhleb.
    81 | D        | Found a sparkling altar of Nemelex Xobeh.
    82 | D        | Found an iron altar of Okawaru.
    83 | D        | Found a stormy altar of Qazlal.
    84 | D        | Found a sacrificial altar of Ru.
    85 | D        | Found a deep blue altar of Sif Muna.
    86 | D        | Found a bloodstained altar of Trog.
    87 | D        | Found a hide-covered altar of Uskayaw.
    88 | D        | Found a radiant altar of Vehumet.
    89 | D        | Found an ornate altar of the Wu Jian Council.
    90 | D        | Found a shimmering altar of Xom.
    91 | D        | Found a basalt altar of Yredelemnul.
    92 | D        | Found a glowing silver altar of Zin.
    93 | D        | Found a glowing golden altar of the Shining One.
    95 | D        | Became a worshipper of Uskayaw the Reveler
    95 | D        | Reached * piety under Uskayaw
   126 | D        | Noticed a big kobold
   126 | D        | Noticed a big kobold
   126 | D        | Noticed a big kobold
   126 | D        | Noticed an ogre
   126 | D        | Noticed a hungry ghost
   132 | D        | Killed a big kobold
   132 | D        | Reached skill level 5 in Dodging
   132 | D        | Reached skill level 6 in Unarmed Combat
   132 | D        | Reached XP level 5. HP: 50/54 MP: 0/4
   132 | D        | Reached ** piety under Uskayaw
   134 | D        | Reached *** piety under Uskayaw
   135 | D        | Reached skill level 7 in Unarmed Combat
   135 | D        | Reached skill level 1 in Invocations
   135 | D        | Reached skill level 1 in Evocations
   138 | D        | Reached XP level 6. HP: 59/63 MP: 0/6
   138 | D        | Reached **** piety under Uskayaw
   140 | D        | Reached skill level 8 in Unarmed Combat
   141 | D        | Reached skill level 5 in Fighting
   141 | D        | Reached ***** piety under Uskayaw
   144 | D        | Killed a hungry ghost
   144 | D        | Reached XP level 7. HP: 66/72 MP: 1/8
   207 | D        | Noticed a troll
   207 | D        | Noticed a centaur warrior
   207 | D        | Noticed a shadow
   207 | D        | Noticed a vampire mosquito
   223 | D        | Killed a vampire mosquito
   223 | D        | Reached skill level 9 in Unarmed Combat
   224 | D        | Killed a shadow
   224 | D        | Reached skill level 5 in Armour
   231 | D        | Slain by a centaur warrior

Vault maps used:
D:        linesprint

Skill      XL: |  1  2  3  4  5  6  7 |
---------------+----------------------+-----
Dodging        | 3 4 5 6 7 8 |  8.0
Armour         | 1 2 3 4 5 |  5.0
Unarmed Combat | 4 5 6 7 8 9 |  9.3
Fighting       | 3 4 5 |  5.6
Invocations    | 2 3 |  3.9
Evocations     | 1 2 3 |  3.2
Stealth        | |  1.0

Action                   |  1- 3 |  4- 6 |  7- 9 || total
-------------------------+-------+-------+-------++-------
Melee: Unarmed           |    38 |    20 |    20 ||    78
       Punch             |     2 |     1 |       ||     3
Invok: Stomp             |       |     1 |       ||     1
       Line Pass         |       |       |     1 ||     1
 Stab: Paralysed         |       |     1 |       ||     1
  Eat: Chunk             |       |       |    10 ||    10
Armor: Robe              |    11 |     3 |     2 ||    16
Dodge: Dodged            |    22 |     5 |    19 ||    46
